Map: Central Protocol

Players

True - Winner!

  • Race: Zerg Zerg
  • League: Grandmaster

ROCCATHyuN (HyuN)

  • Race: Zerg Zerg

Event: True vs Hyun (Matcherino)

VOD

https://www.youtube.com/watch?v=BIV0k2CfLwU

Description

Time

  • Played on: Nov. 23, 2015, 10:53 a.m.
  • Length: 13:55

All games in this series

Show
View Real Time Build Order
Export as new Build Order

True Zerg - Winner!

Build Orders: Hatch First, Lurkers 

Get SALT Encoding   

  12  0:01  Drone  
  13  0:13  Overlord  
  13  0:16  Drone  
  14  0:31  Drone  
  14  0:32  Drone  
  16  0:36  Drone  
  17  0:54  Hatchery  
  16  1:02  Drone x2  
  18  1:19  Extractor  
  18  1:21  Spawning Pool  
  18  1:24  Drone x2  
  18  1:32  Drone  
  19  1:40  Overlord  
  19  1:50  Drone  
  20  2:03  Drone  
  20  2:07  Queen  
  20  2:08  Queen  
  25  2:09  Zergling x2  
  25  2:13  Drone  
  27  2:17  Drone  
  27  2:19  Metabolic Boost  
  28  2:24  Drone  
  30  2:30  Drone  
  30  2:36  Drone  
  31  2:39  Drone  
  32  2:50  Extractor  
  32  2:51  Overlord, Drone  
  31  2:53  Baneling Nest  
  31  2:55  Drone  
  31  3:00  Drone  
  32  3:07  Zergling x2  
  32  3:11  Drone  
  34  3:14  Extractor  
  34  3:18  Drone  
  34  3:19  Drone x2  
  36  3:20  Lair  
  36  3:21  Drone x4  
  36  3:24  Overlord  
  40  3:33  Overlord  
  40  3:44  Baneling  
  40  3:45  Baneling  
  40  3:47  Zergling x4  
  40  3:48  Spine Crawler  
  41  3:54  Drone x3  
  44  3:56  Drone x3  
  44  3:57  Drone  
  44  3:58  Drone  
  44  4:02  Extractor  
  48  4:12  Drone x2  
  50  4:17  Spine Crawler  
  50  4:19  Spine Crawler  
  50  4:20  Spire  
  46  4:28  Drone x4  
  46  4:30  Drone  
  51  4:31  Overlord  
  51  4:37  Spine Crawler  
  51  4:38  Drone  
  51  4:41  Overlord  
  51  4:56  Overlord x2  
  51  4:57  Zergling x10  
  56  5:04  Spine Crawler, Zergling x4  
  56  5:05  Zergling x2  
  56  5:06  Zergling x2  
  59  5:07  Baneling  
  59  5:08  Baneling  
  59  5:09  Baneling  
  52  5:32  Mutalisk x7  
  52  5:34  Mutalisk  
  68  5:39  Mutalisk  
  64  5:44  Mutalisk  
  65  5:51  Zergling x4  
  65  5:52  Zergling x2  
  67  5:59  Mutalisk  
  61  6:10  Zergling x4  
  44  6:37  Drone  
  44  6:38  Drone x2  
  47  6:40  Drone  
  47  6:43  Drone  
  47  6:45  Drone  
  50  6:48  Drone  
  50  6:51  Drone  
  50  6:54  Drone  
  53  6:56  Overseer  
  53  6:59  Drone  
  54  7:02  Drone  
  54  7:06  Drone  
  56  7:11  Queen  
  56  7:15  Drone x2  
  60  7:20  Queen  
  62  7:28  Drone  
  62  7:29  Drone  
  64  7:32  Drone x2  
  66  7:43  Drone x2  
  68  7:52  Roach Warren  
  68  7:54  Drone x2  
  68  7:56  Hydralisk Den  
  68  8:01  Spine Crawler  
  68  8:02  Spine Crawler  
  65  8:13  Drone  
  65  8:14  Drone  
  65  8:16  Drone x2  
  68  8:24  Lurker Den  
  68  8:29  Mutalisk x2  
  68  8:30  Zergling x6  
  68  8:31  Zergling x2  
  68  8:33  Overlord, Spine Crawler  
  75  8:37  Zergling x2  
  76  8:41  Overlord  
  76  8:45  Overlord  
  76  8:49  Overlord  
  76  8:53  Spine Crawler  
  72  9:01  Zergling x2  
  72  9:02  Zergling x6  
  76  9:03  Zergling x2  
  74  9:10  Zergling x2  
  74  9:14  Zergling x2  
  74  9:15  Zergling x2  
  68  9:18  Zergling x4  
  68  9:22  Zergling x2  
  68  9:23  Spine Crawler  
  68  9:25  Spine Crawler, Zergling x2  
  67  9:32  Queen  
  67  9:33  Zergling x2  
  67  9:36  Zergling x2  
  71  9:45  Hydralisk x3  
  71  9:47  Hydralisk  
  71  9:50  Hydralisk  
  72  10:00  Hydralisk x2  
  76  10:11  Lurker  
  76  10:12  Lurker x3  
  80  10:34  Drone x3, Infestation Pit  
  80  10:35  Drone  
  83  10:47  Drone  
  83  10:48  Hatchery  
  83  10:56  Lurker  
  84  10:57  Hydralisk  
  84  10:58  Hydralisk x2  
  84  10:59  Hydralisk  
  84  11:03  Overlord  
  92  11:07  Overlord  
  92  11:15  Hive  
  92  11:33  Lurker x5  
  92  11:34  Lurker  
  98  12:04  Drone  
  99  12:10  Hatchery  
  98  12:17  Drone, Queen  
  98  12:18  Overlord  
  98  12:19  Overlord x2  
  98  12:20  Overlord  
  101  12:25  Drone  
  101  12:28  Greater Spire  
  102  12:33  Drone  
  103  12:38  Corruptor x4  
  103  12:41  Corruptor  
  113  12:54  Drone x2  
  114  13:10  Overseer  
  114  13:11  Drone  
  115  13:19  Drone  
Show
View Real Time Build Order
Export as new Build Order

ROCCATHyuN Zerg 

Build Orders: Hatch First 

Get SALT Encoding   

  12  0:00  Drone  
  13  0:12  Overlord  
  13  0:17  Drone  
  14  0:30  Drone x2  
  14  0:34  Drone  
  17  0:55  Hatchery, Drone  
  17  0:58  Drone  
  18  1:06  Extractor  
  17  1:13  Spawning Pool  
  17  1:16  Drone  
  17  1:20  Drone  
  18  1:30  Drone  
  19  1:38  Overlord  
  19  1:50  Drone  
  20  1:59  Queen  
  20  2:01  Zergling x2  
  23  2:06  Queen  
  23  2:07  Drone  
  26  2:09  Metabolic Boost  
  26  2:11  Drone  
  27  2:19  Drone  
  28  2:23  Drone  
  28  2:28  Drone  
  30  2:34  Baneling Nest  
  30  2:35  Drone  
  30  2:36  Queen  
  32  2:46  Overlord  
  32  2:48  Drone  
  33  2:55  Drone x2  
  34  3:01  Drone  
  35  3:09  Zergling x8  
  39  3:18  Drone x3  
  39  3:19  Drone  
  43  3:22  Extractor  
  43  3:25  Roach Warren  
  41  3:27  Overlord  
  41  3:29  Drone x2  
  41  3:30  Baneling x2  
  41  3:31  Baneling  
  41  3:32  Baneling  
  43  3:35  Extractor  
  43  3:38  Overlord  
  42  3:51  Overlord x2  
  42  4:09  Roach x7  
  56  4:15  Roach x2  
  60  4:17  Roach  
  60  4:21  Roach  
  63  4:25  Roach  
  63  4:27  Overlord  
  65  4:31  Zergling x2  
  65  4:35  Zergling x4  
  68  4:40  Zergling x2  
  68  4:45  Ravager x2  
  70  4:46  Ravager  
  70  4:47  Zergling x2  
  70  4:48  Zergling x4  
  70  4:50  Zergling x2  
  76  4:53  Ravager  
  76  4:56  Zergling x4  
  79  5:02  Zergling x2  
  80  5:11  Ravager x2  
  82  5:19  Zergling x2  
  82  5:21  Zergling x14  
  78  5:28  Zergling x2  
  78  5:33  Zergling x2  
  78  5:35  Zergling x2  
  79  5:36  Zergling x2  
  79  5:49  Queen  
  73  5:50  Queen  
  73  5:55  Baneling x2  
  56  6:18  Zergling x2  
  56  6:19  Zergling x2  
  56  6:20  Zergling x14  
  56  6:21  Spore Crawler  
  56  6:24  Spore Crawler  
  56  6:25  Queen  
  49  6:32  Spore Crawler  
  48  6:41  Drone x3  
  48  6:43  Spore Crawler  
  48  6:48  Drone x2  
  48  6:52  Drone  
  48  6:53  Drone  
  52  7:01  Drone  
  52  7:02  Drone x2  
  52  7:05  Drone  
  52  7:06  Drone x4  
  60  7:12  Queen  
  60  7:14  Queen  
  64  7:18  Roach x2  
  68  7:31  Overlord  
  68  7:32  Overlord x3  
  68  7:49  Queen  
  68  7:50  Queen  
  74  7:51  Roach x2  
  74  7:52  Roach x3  
  74  7:55  Roach  
  74  7:56  Roach  
  85  8:00  Roach  
  85  8:04  Roach x3  
  93  8:08  Roach  
  93  8:11  Evolution Chamber  
  94  8:16  Roach x2  
  97  8:29  Roach  
  99  8:38  Roach x2  
  99  8:41  Roach  
  99  8:46  Roach  
  99  8:47  Roach  
  98  8:48  Roach  
  98  8:49  Roach  
  98  8:54  Roach  
  86  8:56  Roach x2  
  86  8:58  Roach  
  86  8:59  Roach  
  88  9:03  Roach x3  
  92  9:12  Roach x4  
  96  9:17  Roach  
  96  9:23  Roach  
  90  9:26  Roach, Queen x2  
  86  9:31  Roach  
  86  9:35  Spore Crawler  
  83  9:38  Spore Crawler  
  78  9:47  Roach x2  
  78  9:49  Roach  
  70  9:58  Roach x2  
  70  9:59  Spore Crawler  
  67  10:00  Zerg Missile Weapons Level 1  
  67  10:05  Lair  
  67  10:30  Extractor  
  67  10:31  Drone x3  
  67  10:33  Spore Crawler  
  68  10:36  Spore Crawler  
  68  10:37  Spore Crawler  
  68  10:39  Drone x3  
  69  10:44  Hatchery  
  68  11:01  Drone x2  
  70  11:04  Ravager  
  70  11:05  Ravager x2  
  70  11:08  Hydralisk Den, Roach x4  
  80  11:15  Overseer  
  80  11:21  Roach x4  
  88  11:37  Lurker Den, Glial Reconstitution  
  88  11:40  Hydralisk x2  
  92  11:47  Hydralisk x2  
  92  11:52  Hydralisk  
  98  11:55  Overlord  
  98  12:01  Queen  
  98  12:04  Drone  
  98  12:07  Drone  
  102  12:18  Drone  
  103  12:31  Hydralisk x2  
  103  12:33  Roach x3  
  103  12:34  Overlord  
  103  12:35  Drone  
  114  13:04  Hydralisk  
  114  13:05  Hydralisk x3  

Tags
 
Add a new tag
Caveats
  • Supply blocks, unpowered buildings, or Contaminate may cause inaccurate times.
  • Supply counts are checked every 10 seconds.